 Dungeon Crawl Stone Soup version 0.30-a0-867-g305f33218d (webtiles) character file.

Game seed: 15901682308410971949

200 Dittersdorf the Covered (level 5, -4/34 HPs)
             Began as a Gargoyle Fighter on Mar 10, 2023.
             Killed by divine providence
             ... invoked by an orc priest
              (12 damage)
             ... on level 3 of the Dungeon.
             The game lasted 00:03:14 (1710 turns).

Dittersdorf the Covered (Gargoyle Fighter)          Turns: 1710, Time: 00:03:15

Health: -4/34      AC: 16    Str: 21    XL:     5   Next: 78%
Magic:  5/5        EV:  7    Int:  9    God:
Gold:   66         SH:  4    Dex:  9    Spells: 4/4 levels left

rFire   . . .      SeeInvis .    a - +0 flail
rCold   . . .      Faith    .    c - +0 buckler
rNeg    + . .      Spirit   .    k - +0 chain mail
rPois   ∞          Reflect  .    (no helmet)
rElec   +          Rampage  .    s - +0 cloak
rCorr   .                        (no gloves)
Will    .....                    r - +0 pair of boots Stlth
                                 n - amulet of magic regeneration
HPRegen 0.25/turn                (no ring)
MPRegen 0.49/turn                (no ring)

@: no status effects
A: sickness immunity, AC +4, negative energy resistance 1, electricity
resistance, torment resistance 1, petrification resistance
a: no special abilities


You were on level 3 of the Dungeon.
You visited 1 branch of the dungeon, and saw 3 of its levels.

You collected 66 gold pieces.

Inventory:

Hand Weapons
 a - a +0 flail (weapon)
Armour
 c - a +0 buckler (worn)
 k - a +0 chain mail (worn)
 r - a +0 pair of boots (worn)
 s - a +0 cloak (worn)
Jewellery
 n - an amulet of magic regeneration (around neck)
Scrolls
 f - a scroll of identify {unknown}
 j - a scroll of brand weapon {unknown}
 m - 2 scrolls of magic mapping {unknown}
 p - a scroll of fog {unknown}
 q - a scroll of teleportation {unknown}
 t - a scroll of blinking {unknown}
Potions
 b - a potion of degeneration {unknown}
 d - 2 potions of might
 e - a potion of heal wounds {unknown}
 g - a potion of magic {unknown}
 h - a potion of attraction {unknown}
 i - a potion of curing {unknown}
 l - a potion of flight {unknown}
 o - 2 potions of haste {unknown}


   Skills:
 + Level 4.4 Fighting
 + Level 3.3 Maces & Flails
 + Level 4.4 Armour
 + Level 4.4 Shields


You had 4 spell levels left.
You didn't know any spells.
Your spell library contained the following spells:

 Spells                   Type           Power      Damage    Failure   Level
 Ensorcelled Hibernation  Hex/Ice        0%         N/A       100%        2
 Poisonous Vapours        Pois/Air       0%         N/A       100%        2
 Mephitic Cloud           Conj/Pois/Air  0%         N/A       100%        3
 Spider Form              Tmut/Pois      0%         N/A       100%        3
 Anguish                  Hex/Necr       0%         N/A       100%        4
 Cigotuvi's Dreadful Rot  Necr/Pois/Air  Unusable   N/A       N/A         2

Dungeon Overview and Level Annotations

Branches:
Dungeon (3/15)

Altars:
Hepliaklqana


Innate Abilities, Weirdness & Mutations

You are immune to sickness and miasma.
Your stone body is resilient. (AC +4)
You are immune to poison.
You resist negative energy. (rN+)
You are resistant to electric shocks. (rElec)
You are resistant to unholy torment.
You are immune to petrification.


Message History

The orc priest is almost dead.
The orc priest hits you but does no damage.
You barely miss the orc priest.
The orc priest is almost dead.
The orc priest completely misses you.
The orc priest calls down the wrath of Beogh upon you.
Pain shoots through your body!
You barely miss the orc priest.
The orc priest is almost dead.
The orc priest barely misses you.
You barely miss the orc priest.
The orc priest is almost dead.
The orc priest hits you but does no damage.
You hit the orc priest but do no damage.
The orc priest is almost dead.
You block the orc priest's attack.
The orc priest mumbles some strange prayers to Beogh against you.
Beogh smites you!
You are too injured to fight recklessly!
You are too injured to fight recklessly!
You are too injured to fight recklessly!
You are too injured to fight recklessly!
You are too injured to fight recklessly!
You are too injured to fight recklessly!
You are too injured to fight recklessly!
You are too injured to fight recklessly!
You are too injured to fight recklessly!
You hit the orc priest but do no damage.
The orc priest is almost dead.
The orc priest hits you but does no damage.
You barely miss the orc priest.
The orc priest is almost dead.
The orc priest calls down the wrath of Beogh upon you.
Pain shoots through your body!
* * * LOW HITPOINT WARNING * * *
You hit the orc priest but do no damage.
The orc priest is almost dead.
The orc priest calls down the wrath of Beogh upon you.
Beogh smites you!
You die...

#......#.# ##### ###.##.#.# #.#..
...# ###.##.#.### ....#####..#
#......#.#.#### ....+ .....#
######.#............ ....# #...#
#....#....#.#.#.#### ....
#...###....#.............. ..
#........)......#.#...##.. #
###.<.###.o@................
######.#............†............
...........##..####....#......#..
######.#)...................#.#..
######.#.#.##...###.#..#.#..#.##.
.........#.##...###.#..#.......#.
...........##...............#.##.
..÷....#.#.##. .................
.........#.... ###.#....##...###


You could see an orc priest.

Vanquished Creatures
  A phantom (D:2)
  An orc wizard (D:2)
  4 adders
  3 worms (D:2)
  5 orcs (D:3)
  4 ball pythons
  3 endoplasms
  A giant cockroach (D:2)
  3 goblins
  4 hobgoblins
  5 jackals (D:2)
  2 quokkas
  5 bats
  4 kobolds
  5 rats
50 creatures vanquished.

Notes
Turn   | Place    | Note
-------+----------+-------------------------------------------
     0 | D:1      | Dittersdorf the Gargoyle Fighter began the quest for the
                  | Orb.
     0 | D:1      | Reached XP level 1. HP: 14/14 MP: 1/1
   163 | D:1      | Reached XP level 2. HP: 19/19 MP: 2/2
   672 | D:2      | Reached XP level 3. HP: 13/23 MP: 3/3
  1010 | D:2      | Reached XP level 4. HP: 26/29 MP: 4/4
  1214 | D:2      | Found a faded altar of an unknown god.
  1276 | D:3      | Found a hazy altar of Hepliaklqana.
  1389 | D:3      | Noticed a phantom
  1432 | D:2      | Killed a phantom
  1433 | D:2      | Reached XP level 5. HP: 6/33 MP: 5/5
  1710 | D:3      | Killed from afar by an orc priest

Illustrated notes

Levels and vault maps discovered:
D:1:      saegor_arrival_simple_a, layout_loops_ring
D:2:      layout_rooms, hellmonk_ecumenical_altar_leap_of_faith,
          supply_closet_lemuel, minivault_26
D:3:      layout_basic, mainiacjoe_overflow_surrounded_room,
          mainiacjoe_overflow_alcove_4

Skill      XL: |  1  2  3  4 |
---------------+-------------+-----
Fighting       | 4 |  4.4
Maces & Flails | 3 |  3.3
Armour         | 4 |  4.4
Shields        | 4 |  4.4

Action                     |  1- 3 |  4- 6 || total
---------------------------+-------+-------++-------
  Melee: Flail             |    89 |    96 ||   185
 Armour: Scale mail        |    11 |       ||    11
         Chain mail        |    69 |    69 ||   138
  Dodge: Dodged            |    57 |    41 ||    98
  Block: Buckler           |    24 |    25 ||    49

Table legend: (Time is in decaauts)
 A = Elapsed time spent in this place.
 B = Non-inter-level travel time spent in this place.
 C = Inter-level travel time spent in this place.
 D = Time resting spent in this place.
 E = Time spent auto-exploring this place.
 F = Levels seen in this place.
 G = Mean time per level.
                   A        B        C        D        E       F      G
               +--------+--------+--------+--------+--------+-----+--------+
         Total |   1769 |   1684 |     85 |    117 |   1108 |   3 |  589.7 |
       Dungeon |   1769 |   1684 |     85 |    117 |   1108 |   3 |  589.7 |
               +--------+--------+--------+--------+--------+-----+--------+

Top non-repeatable levels by time:
     D:2: 828 daAuts
     D:1: 606 daAuts
     D:3: 335 daAuts
